 Dungeon Crawl Stone Soup version 0.26-a0-949-ga0cc1ef5f6 (webtiles) character file.

Game seed: 13005365245465832333

17237 mhtbhm the Basher (level 12, -5/120 HPs)
             Began as a Troll Berserker on Nov 28, 2020.
             Was the Champion of Trog.
             Slain by a red devil
             ... wielding a +2 trident of flaming
              (6 damage)
             ... in a volcano.
             The game lasted 00:17:18 (10669 turns).

mhtbhm the Basher (Troll Berserker)                Turns: 10669, Time: 00:17:20

Health: -5/120     AC:  8    Str: 32    XL:     12   Next: 17%
Magic:  11/11      EV: 13    Int:  3    God:    Trog [******]
Gold:   771        SH:  0    Dex:  9    Spells: 11/11 levels left

rFire    + . .     SeeInvis .   a - +4 great mace (vorpal)
rCold    x . .     Faith    .   (shield currently unavailable)
rNeg     . . .     Spirit   .   b - +0 troll leather armour
rPois    .         Reflect  .   (helmet restricted)
rElec    .         Harm     .   (no cloak)
rCorr    .         Rampage  .   (gloves unavailable)
MR       .....                  (boots unavailable)
Stlth    ++........             (no amulet)
HPRegen  1.10/turn              z - ring of fire
MPRegen  0.12/turn              D - +4 ring of slaying

@: berserk cooldown, very slightly contaminated, slowed, invisible, very slow
A: large, unfitting armour, claws 3, regeneration 1, shaggy fur 1, tough skin 3
a: Berserk, Trog's Hand, Brothers in Arms, Renounce Religion


You were in a volcano.
You worshipped Trog.
Trog was exalted by your worship.
You visited 2 branches of the dungeon, and saw 12 of its levels.
You also visited: Volcano.

You collected 831 gold pieces.
You spent 60 gold pieces at shops.

Inventory:

Hand Weapons
 a - a +4 vorpal great mace (weapon)
Missiles
 g - 6 throwing nets
 j - 30 poisoned darts
Armour
 b - a +0 troll leather armour (worn)
Jewellery
 p - an uncursed ring of positive energy
 r - a +4 ring of evasion
 s - an uncursed ring of ice
 z - a ring of fire (left claw)
 D - a +4 ring of slaying (right claw)
 E - the ring "Zymp" {MR+ rCorr Str-2 Dex+4}
   (You took it off a centaur warrior on level 10 of the Dungeon)

   [ring of resist corrosion]

   It affects your strength (-2).
   It affects your dexterity (+4).
   It affects your resistance to hostile enchantments.
   It provides partial protection from all sources of acid and corrosion.
Wands
 w - a wand of iceblast (10)
 B - a wand of random effects (37)
 G - a wand of acid (4)
Scrolls
 d - 4 scrolls of enchant armour
 e - 3 scrolls of blinking
 f - a scroll of brand weapon {unknown}
 h - 7 scrolls of remove curse
 i - 9 scrolls of teleportation
 l - 4 scrolls of fear
 m - a scroll of magic mapping
 n - 4 scrolls of identify
 y - 5 scrolls of fog
 A - a scroll of immolation {unknown}
Potions
 c - 6 potions of curing
 k - 5 potions of mutation
 o - 3 potions of lignification
 q - a potion of cancellation
 t - a potion of invisibility
 u - 2 potions of flight
 v - 2 potions of attraction
 x - 2 potions of heal wounds {unknown}
 C - a potion of brilliance {unknown}
 F - a potion of haste
 H - a potion of degeneration {unknown}
Miscellaneous
 I - a lightning rod (4/4)


   Skills:
 + Level 8.2 Fighting
 + Level 11.8 Maces & Flails
 + Level 1.2 Throwing
 + Level 3.2 Armour
 + Level 9.1 Dodging
 - Level 3.5 Stealth


You had 11 spell levels left.
You didn't know any spells.
Your spell library contained the following spells:

 Spells                   Type           Power        Failure   Level
 Corona                   Hex            #......      56%         1
 Pain                     Necr           #...         56%         1
 Shock                    Conj/Air       #...         56%         1
 Blink                    Tloc           N/A          71%         2
 Ensorcelled Hibernation  Hex/Ice        #.....       71%         2
 Swiftness                Air            #.......     71%         2
 Confusing Touch          Hex            #.......     90%         3
 Dazzling Flash           Conj/Hex       #.....       90%         3
 Gell's Gravitas          Tloc           #.........   90%         3
 Static Discharge         Conj/Air       #.......     90%         3
 Tukima's Dance           Hex            #.......     90%         3
 Airstrike                Air            #.........   100%        4
 Lightning Bolt           Conj/Air       #.........   100%        5
 Silence                  Hex/Air        #.........   100%        5
 Summon Forest            Summ/Tloc      #.........   100%        5
 Disjunction              Tloc           #.........   100%        8


Dungeon Overview and Level Annotations

Branches:
Dungeon (11/15)            Temple (0/1) D:5            Lair (0/6) D:11
    Orc (1/2) D:11        Volcano (1/1)

Altars:
Ashenzari
Dithmenos
Elyvilon
Gozag
Makhleb
Nemelex Xobeh
Okawaru
Ru
Wu Jian
Yredelemnul
Zin

Shops:
D:5 *


Innate Abilities, Weirdness & Mutations

You are too large for most types of armour.
You have claws for hands.
Your natural rate of healing is unusually fast.
You are covered in fur. (AC +1)
You have extremely tough skin. (AC +3)


Message History

The red devil burns you.
* * * LOW HITPOINT WARNING * * *
The red devil closely misses you.
Unknown command.
You fade into invisibility!
The red devil is no longer covered in acid.
The red devil closely misses you.
The red devil hits you with a +1 trident of flaming!
* * * LOW HITPOINT WARNING * * *
The red devil burns you.
* * * LOW HITPOINT WARNING * * *
You are very lightly contaminated with residual magic.
You feel better.
The red devil hits you from afar with a +2 trident of flaming!
* * * LOW HITPOINT WARNING * * *
The red devil burns you.
* * * LOW HITPOINT WARNING * * *
The red devil misses you.
The red devil hits you from afar with a +2 trident of flaming.
You die...

#.§§§≈§≈§≈≈≈≈...####
#......§§≈≈≈§.)##
#........≈≈....#
##...##..≈≈....#
#8.8###.....###
##.###.....## #.#
###..## ##†## ####
#.@.# #4.434#
#..###..# #..# #..#
#..# #..# ...# #...
.... ... ... ..


You could see a sun demon and 3 red devils.

Vanquished Creatures
  A stone giant (Orc:1)
  Harold (D:8)
  A two-headed ogre (D:10)
  2 centaur warriors (D:10)
  Nergalle (D:10)
  An unseen horror (D:11)
  2 manticores (D:10)
  5 ugly things
  Psyche (D:9)
  A gargoyle (D:11)
  A komodo dragon (D:11)
  A troll (D:10)
  Grinder (D:6)
  A wyvern (D:10)
  A wraith (D:10)
  Sigmund (D:3)
  4 yaks (D:9)
  5 fire bats (Volcano)
  Eustachio (D:4)
  A hornet zombie (D:10)
  5 orc warriors
  2 phantoms (D:6)
  5 sky beasts
  4 black bears (D:10)
  2 ice beasts
  14 centaurs
  A necrophage (D:10)
  2 ogres
  5 bullfrogs
  A big kobold (D:7)
  4 scorpions
  4 wights (D:7)
  5 howler monkeys
  3 centaur zombies
  7 lava snakes (Volcano)
  2 bullfrog zombies
  A quasit (D:8)
  4 orc priests
  7 hounds
  2 jellies
  2 bullfrog skeletons
  4 centaur skeletons
  Jessica (D:3)
  An iguana (D:8)
  Natasha (thrice) (D:3)
  13 orc wizards
  7 worker ants
  A killer bee zombie (D:9)
  A hound skeleton (D:6)
  A worker ant zombie (D:5)
  9 gnolls
  13 adders
  2 shadow imps
  5 white imps
  6 ufetubi
  2 oozes
  An adder skeleton (D:9)
  2 worms
  4 dart slugs
  5 leopard geckos
  41 orcs
  A ball python (D:1)
  7 giant cockroaches
  7 goblins
  9 hobgoblins
  7 jackals
  2 quokkas
  5 bats
  6 frilled lizards
  2 jackal skeletons (D:7)
  14 kobolds
  9 rats
306 creatures vanquished.

Vanquished Creatures (others)
  8 plants (D:11)
8 creatures vanquished.

Grand Total: 314 creatures vanquished

Notes
Turn   | Place    | Note
-------+----------+-------------------------------------------
     0 | D:1      | mhtbhm the Troll Berserker began the quest for the Orb.
     0 | D:1      | Reached XP level 1. HP: 22/22 MP: 0/0
    81 | D:1      | Reached XP level 2. HP: 29/29 MP: 1/1
   144 | D:1      | Reached skill level 3 in Maces & Flails
   241 | D:1      | Reached XP level 3. HP: 20/36 MP: 2/2
   241 | D:1      | Reached ** piety under Trog
   991 | D:2      | Reached XP level 4. HP: 33/45 MP: 3/3
  1355 | D:2      | Reached *** piety under Trog
  1382 | D:2      | Reached XP level 5. HP: 53/53 MP: 4/4
  1546 | D:3      | Noticed Natasha
  1559 | D:3      | Killed Natasha
  1560 | D:3      | Reached skill level 4 in Maces & Flails
  1630 | D:3      | Found a faded altar of an unknown god.
  1817 | D:3      | Reached XP level 6. HP: 61/61 MP: 5/5
  1892 | D:3      | Noticed Natasha
  1895 | D:3      | Killed Natasha
  1951 | D:3      | Noticed Sigmund
  1959 | D:3      | Killed Sigmund
  1960 | D:3      | Reached skill level 1 in Stealth
  2008 | D:3      | Noticed Jessica
  2014 | D:3      | Killed Jessica
  2015 | D:3      | Reached skill level 5 in Maces & Flails
  2162 | D:3      | Noticed Natasha
  2172 | D:3      | Killed Natasha
  2413 | D:3      | Reached XP level 7. HP: 68/68 MP: 6/6
  2591 | D:4      | Got an encrusted whip
  2592 | D:4      | Identified the cursed +1 whip of Conscience {protect, rC+}
                  | (You found it on level 4 of the Dungeon)
  2829 | D:4      | Noticed Eustachio
  2863 | D:4      | Killed Eustachio
  2934 | D:4      | Reached skill level 6 in Maces & Flails
  2940 | D:4      | Reached XP level 8. HP: 78/78 MP: 7/7
  2942 | D:4      | Reached **** piety under Trog
  3335 | D:4      | Reached skill level 1 in Throwing
  3568 | D:4      | Found an ornate altar of the Wu Jian Council.
  3793 | D:5      | Entered Level 5 of the Dungeon
  4088 | D:5      | Found Edexzeiphi's General Store.
  4096 | D:5      | Bought a scroll of identify for 30 gold pieces
  4096 | D:5      | Bought a scroll of identify for 30 gold pieces
  4155 | D:5      | Found a staircase to the Ecumenical Temple.
  4434 | D:5      | Found an opulent altar of Gozag.
  4434 | D:5      | Found a glowing silver altar of Zin.
  4667 | D:6      | Reached skill level 5 in Dodging
  4693 | D:6      | Noticed Grinder
  4703 | D:6      | Killed Grinder
  4759 | D:6      | Reached skill level 7 in Maces & Flails
  4906 | D:6      | Reached XP level 9. HP: 76/85 MP: 8/8
  5345 | D:7      | Reached ***** piety under Trog
  5358 | D:7      | Found an iron altar of Okawaru.
  5440 | D:7      | Reached skill level 5 in Fighting
  5447 | D:7      | Reached skill level 8 in Maces & Flails
  5790 | D:8      | Noticed Harold
  5814 | D:8      | Killed Harold
  6199 | D:8      | Reached skill level 9 in Maces & Flails
  6206 | D:8      | Reached XP level 10. HP: 95/98 MP: 9/9
  7019 | D:9      | Found a broken altar of Ashenzari.
  7032 | D:9      | Noticed Psyche
  7039 | D:9      | Killed Psyche
  7058 | D:9      | Found an iron altar of Okawaru.
  7061 | D:9      | Found a basalt altar of Yredelemnul.
  7063 | D:9      | Found a sparkling altar of Nemelex Xobeh.
  7063 | D:9      | Found a burning altar of Makhleb.
  7065 | D:9      | Found a shadowy altar of Dithmenos.
  7262 | D:10     | Entered Level 10 of the Dungeon
  7489 | D:10     | Found a white marble altar of Elyvilon.
  7510 | D:10     | Noticed a centaur warrior
  7522 | D:10     | Identified the ring "Zymp" {MR+ rCorr Str-2 Dex+4}
  7522 | D:10     | Noticed a centaur warrior
  7524 | D:10     | Killed a centaur warrior
  7525 | D:10     | Reached skill level 10 in Maces & Flails
  7532 | D:10     | Killed a centaur warrior
  7537 | D:10     | Noticed a manticore
  7611 | D:10     | Killed a manticore
  7612 | D:10     | Reached XP level 11. HP: 82/107 MP: 10/10
  7750 | D:10     | Identified the Tome of Flight and Orientation
  7755 | D:10     | Identified the Tome of the Doomed Birds
  8495 | D:10     | Noticed a two-headed ogre
  8510 | D:10     | Killed a two-headed ogre
  8854 | D:10     | Noticed Nergalle
  8872 | D:10     | Killed Nergalle
  8995 | D:11     | Noticed a cyan ugly thing
  9011 | D:11     | Killed a cyan ugly thing
  9012 | D:11     | Reached skill level 11 in Maces & Flails
  9012 | D:11     | Reached skill level 1 in Armour
  9125 | D:11     | Killed an unseen horror
  9474 | D:11     | Found a staircase to the Orcish Mines.
  9498 | D:11     | Noticed a brown ugly thing
  9522 | D:11     | Killed a brown ugly thing
 10057 | D:11     | Noticed a purple ugly thing
 10065 | D:11     | Killed a purple ugly thing
 10065 | D:11     | Reached ****** piety under Trog
 10110 | D:11     | Found a staircase to the Lair.
 10192 | D:11     | Found a sacrificial altar of Ru.
 10370 | Orc:1    | Entered Level 1 of the Orcish Mines
 10370 | Orc:1    | Noticed a stone giant
 10390 | Orc:1    | Killed a stone giant
 10391 | Orc:1    | Reached XP level 12. HP: 52/119 MP: 11/11
 10450 | Orc:1    | Found a dark tunnel.
 10459 | Volcano  | Entered a volcano
 10579 | Volcano  | Received a gift from Trog
 10669 | Volcano  | HP: 4/120 [red devil/+2 trident of flaming (15)]
 10669 | Volcano  | HP: 1/120 [red devil/+2 trident of flaming (3)]
 10669 | Volcano  | Slain by a red devil

Illustrated notes

Levels and vault maps discovered:
D:1:      erik_arrival_cave_to_civilisation [erik_arrival_cave_to_hall],
          layout_basic, minmay_close_crescents
D:2:      layout_basic, minmay_tetromino_s4
D:3:      layout_rooms, chequers_ecumenical_altar_lobes,
          serial_co_window_serial, co_window_paths_b, co_window_paths_b,
          co_window_corner_a, co_window_of_opportunity_a, co_window_paths_a,
          co_window_corner_b, co_window_broadway_a, co_window_2corner,
          co_window_paths_d, co_window_4corner_b, glass_columns_a,
          glass_columns_a, kennysheep_generic_room_9, uniq_jessica,
          uniq_sigmund, uniq_natasha
D:4:      layout_layer_cave, lemuel_coloured_pillars_altar, uniq_eustachio
D:5:      layout_basic, grunt_temple_overflow_gold_and_silver,
          minmay_temple_entry_offerings, serial_shops, shop
D:6:      layout_basic, uniq_grinder
D:7:      layout_basic, basic_altar
D:8:      layout_loops_ring, uniq_harold
D:9:      layout_roguey, minitemple, cheibrodos_ashenzari_chains, uniq_psyche
D:10:     minmay_the_grid_square_5x5_3x3 [minmay_the_grid_square_5x5_trominoes,
          minmay_the_grid_square_5x5_two_walls_a,
          minmay_the_grid_square_5x5_shrine2, minmay_the_grid_square_5x5_lines,
          minmay_the_grid_square_5x5_megaprize_checkered,
          minmay_the_grid_square_5x5_slash, minmay_the_grid_square_5x5_n_small,
          minmay_the_grid_square_5x5_fancy_junction,
          minmay_the_grid_square_5x5_fat_x], layout_stronghold, basic_altar,
          uniq_nergalle
D:11:     layout_roguey, david_lair_shrubbed, orc_0_dummy,
          nicolae_ru_path_of_blood
Orc:1:    layout_caves, portal_ice_cave_entry_pillars_1,
          nicolae_volcano_entry_lava_flow
Volcano:  volcano_grotto [vgs_dualism]

Skill      XL: |  1  2  3  4  5  6  7  8  9 10 11 12 |
---------------+-------------------------------------+-----
Maces & Flails | 3 4 5 6 7 9 10 11 | 11.8
Dodging        | 3 4 5 6 7 8 9 |  9.1
Fighting       | 3 4 5 6 8 |  8.2
Stealth        | 1 2 3 |  3.5
Throwing       | 1 |  1.2
Armour         | 3 |  3.2

Action                   |  1- 3 |  4- 6 |  7- 9 | 10-12 || total
-------------------------+-------+-------+-------+-------++-------
Melee: Mace              |    97 |       |       |       ||    97
       Whip              |    15 |    96 |   413 |   474 ||   998
       Great mace        |       |       |       |    11 ||    11
Throw: Throwing net      |       |     1 |     1 |     1 ||     3
       Dart              |       |     1 |     1 |       ||     2
Invok: Berserk           |       |     2 |     4 |    12 ||    18
Evoke: Wand              |       |       |       |     3 ||     3
  Use: Scroll            |     2 |     4 |     8 |     6 ||    20
       Potion            |       |       |       |     2 ||     2
 Stab: Sleeping          |     1 |     2 |     7 |     1 ||    11
       Distracted        |       |     1 |     1 |       ||     2
Armor: Animal skin       |    70 |    16 |       |       ||    86
       Robe              |       |     5 |    88 |    39 ||   132
       Troll leather arm |       |       |       |    59 ||    59
Dodge: Dodged            |    73 |    51 |   280 |   313 ||   717

Table legend: (Time is in decaauts)
 A = Elapsed time spent in this place.
 B = Non-inter-level travel time spent in this place.
 C = Inter-level travel time spent in this place.
 D = Time resting spent in this place.
 E = Time spent auto-exploring this place.
 F = Levels seen in this place.
 G = Mean time per level.
                   A        B        C        D        E       F      G
               +--------+--------+--------+--------+--------+-----+--------+
         Total |  10491 |  10329 |    162 |   1572 |   6219 |  13 |  807.0 |
       Dungeon |  10213 |  10051 |    162 |   1525 |   6179 |  11 |  928.5 |
  Orcish Mines |     83 |     83 |      0 |      0 |      0 |   1 |   83.0 |
       Volcano |    195 |    195 |      0 |     46 |     40 |   1 |  195.0 |
               +--------+--------+--------+--------+--------+-----+--------+

Top non-repeatable levels by time:
    D:10: 1689 daAuts
    D:11: 1335 daAuts
     D:4: 1305 daAuts
     D:3: 1078 daAuts
     D:5: 859 daAuts
     D:1: 848 daAuts
     D:8: 789 daAuts
     D:9: 719 daAuts
     D:2: 593 daAuts
     D:7: 520 daAuts
     D:6: 472 daAuts
 Volcano: 195 daAuts
   Orc:1: 83 daAuts
